 Dungeon Crawl Stone Soup version 0.20-a0-372-gb9ad934 (webtiles) character file.

3277 AlphabetPasta the Destroyer (level 10, -1/54 HPs)
             Began as a Kobold Wizard on Dec 27, 2016.
             Was a Believer of Sif Muna.
             Shot with a sling bullet by Joseph (16 damage)
             ... on level 7 of the Dungeon.
             The game lasted 01:00:11 (10669 turns).

AlphabetPasta the Destroyer (Kobold Wizard)        Turns: 10669, Time: 01:00:12

Health: -1/54      AC:  6    Str:  2    XL:     10   Next: 20%
Magic:  2/18       EV: 18    Int: 22    God:    Sif Muna [**....]
Gold:   191        SH:  0    Dex: 21    Spells: 6/23 levels left

rFire  . . .     SeeInvis .     z - +6 rapier of the Gloaming {freeze, Dex+6}
rCold  . . .     Gourm    .     a - +0 robe
rNeg   . . .     Faith    .     (shield restricted)
rPois  .         Spirit   .     b - +1 hat
rElec  .         Reflect  .     (no cloak)
rCorr  .         Harm     .     (no gloves)
MR     .....                    q - +0 pair of boots
Stlth  ++++......               (no amulet)
                                w - ring of stealth
                                (no ring)

@: no status effects
A: repulsion field 1, iridescent scales 1, carnivore 3, low mp 1, weak 1
a: Divine Energy, Renounce Religion


You were on level 7 of the Dungeon.
You worshipped Sif Muna.
Sif Muna was pleased with you.
You were very full.

You visited 1 branch of the dungeon, and saw 7 of its levels.

You collected 378 gold pieces.
You spent 187 gold pieces at shops.

Inventory:

Hand Weapons
 h - a +3 dagger of venom
 z - the +6 rapier of the Gloaming (weapon) {freeze, Dex+6}
   (You took it off an orc on level 7 of the Dungeon)

   It has been specially enchanted to freeze those struck by it, causing extra
   injury to most foes and up to half again as much damage against particularly
   susceptible opponents.
   It can also slow down cold-blooded creatures.
   It affects your dexterity (+6).
 A - a +0 quarterstaff
Armour
 a - a +0 robe (worn)
 b - a +1 hat (worn)
 q - a +0 pair of boots (worn)
Jewellery
 e - an uncursed ring of flight
 w - a ring of stealth (right hand)
Wands
 r - a wand of digging (10/24)
 s - a wand of slowing (6/48)
 y - a wand of polymorph (14/24)
Scrolls
 f - 6 scrolls of identify
 g - a scroll of holy word
 j - a scroll of fog
 m - 2 scrolls of amnesia
 n - 2 scrolls of blinking
 o - 6 scrolls of remove curse
 p - 3 scrolls of teleportation
 x - a scroll of magic mapping
Potions
 u - a potion of might
 v - a potion of brilliance
Books
 c - a book of Minor Magic

   Spells                             Type                      Level
   a - Magic Dart                     Conjuration                  1
   b - Blink                          Translocation                2
   c - Call Imp                       Summoning                    2
   d - Repel Missiles                 Charms/Air                   2
   e - Slow                           Hexes                        2
   f - Conjure Flame                  Conjuration/Fire             3
   g - Mephitic Cloud                 Conjuration/Poison/Air       3
 l - a book of Frost

   Spells                             Type                      Level
   a - Freeze                         Ice                          1
   b - Throw Frost                    Conjuration/Ice              2
   c - Ozocubu's Armour               Charms/Ice                   3
   d - Throw Icicle                   Conjuration/Ice              4
   e - Summon Ice Beast               Ice/Summoning                4
Comestibles
 d - 4 meat rations
 i - 6 beef jerkies
 t - 2 chunks of flesh


   Skills:
 - Level 2.6 Fighting
 - Level 3.0 Short Blades
 + Level 0.6 Staves
 - Level 2.4 Dodging
 - Level 2.6 Stealth
 + Level 7.1 Spellcasting
 * Level 8.6 Conjurations
   Level 1.0 Summonings
 - Level 1.0 Translocations
 * Level 5.8 Ice Magic
 + Level 4.6 Invocations
 - Level 2.3 Evocations


You had 6 spell levels left.
You knew the following spells:

 Your Spells              Type           Power        Failure   Level  Hunger
a - Magic Dart            Conj           ####         1%          1    None
b - Blink                 Tloc           N/A          10%         2    None
c - Repel Missiles        Chrm/Air       #.....       14%         2    None
d - Throw Frost           Conj/Ice       #####.       1%          2    None
e - Conjure Flame         Conj/Fire      ####....     4%          3    None
f - Mephitic Cloud        Conj/Pois/Air  ###.....     10%         3    None
g - Throw Icicle          Conj/Ice       #####...     4%          4    ###....


Dungeon Overview and Level Annotations

Branches:
Dungeon (7/15)             Temple (0/1) D:6

Altars:
Cheibriados
Dithmenos
Elyvilon
Fedhas
Gozag
Makhleb
Okawaru
Sif Muna
Xom
Yredelemnul
Zin
The Shining One

Shops:
D:4 (??[   D:6 ?

Annotations:
D:7 Joseph


Innate Abilities, Weirdness & Mutations

You are small and have problems with some larger weapons.
You are carnivorous and can eat meat at any time.
You are surrounded by a mild repulsion field. (EV +2)
You are partially covered in iridescent scales. (AC +2)
Your magical capacity is low. (-10% MP)
You are weak. (Str -2)


Message History

Casting: Mephitic Cloud
Confirm with . or Enter, or press ? or * to list all spells.
Aiming: Mephitic Cloud
Press: ? - help, Shift-Dir - straight line, p - Joseph You miscast Mephitic Cloud.
Sif Muna protects you from the effects of your miscast!
Joseph shoots a sling bullet.
The sling bullet hits you!
* * * LOW HITPOINT WARNING * * *
The sling bullet freezes you.
* * * LOW HITPOINT WARNING * * *
You feel much better.
Joseph shoots a sling bullet.
The sling bullet barely misses you.
Some of the chunks of flesh in your inventory have rotted away.
Joseph shoots a sling bullet.
The sling bullet hits you!!
* * * LOW HITPOINT WARNING * * *
The sling bullet freezes you.
* * * LOW HITPOINT WARNING * * *
You see here a sling bullet.
Joseph shoots a sling bullet.
The sling bullet hits you!
You die...

#..#.# .#.#..
#########
.#..#.
....@...# .#
.#.# #@# .#
#..###### #.#
.## #.)....#
#(# .#
..#......# #.#
.# #.#......#
#(# .#
#.#.)....####@#
##
#........'....#
##.......######
#.....).#
##.#.#########
##.)).....)..#
#)..).######.#
#:...)# .. #
#.....##.#


You could see Joseph.

Vanquished Creatures
  The ghost of AlphabetPasta the Charlatan, a novice CeAr of Hepliaklqana (D:5)
  Grinder (D:3)
  The ghost of BearKnight92 the Firebug, an amateur DrFE (D:4)
  Edmund (D:6)
  Duvessa (D:6)
  2 orc warriors
  A sky beast (D:5)
  4 ogres
  A phantom (D:4)
  A big kobold (D:7)
  3 bullfrogs
  Blork the orc (D:6)
  3 scorpions
  Dowan (D:6)
  A jelly (D:6)
  A crimson imp (D:7)
  5 hounds
  6 orc priests
  2 iguanas
  6 orc wizards
  8 worker ants
  A hound skeleton (D:7)
  A howler monkey zombie (D:7)
  3 gnolls (D:5)
  6 adders
  A shadow imp (D:7)
  An ooze (D:2)
  An adder zombie (D:6)
  5 worms
  3 dart slugs
  4 leopard geckos
  43 orcs
  9 bats
  8 giant cockroaches
  11 goblins
  10 hobgoblins
  15 jackals
  3 quokkas
  3 ball pythons
  5 frilled lizards
  8 kobolds
  8 rats
200 creatures vanquished.

Vanquished Creatures (others)
  A plant (D:3)
1 creature vanquished.

Grand Total: 201 creatures vanquished

Notes
Turn   | Place    | Note
-------+----------+-------------------------------------------
     0 | D:1      | AlphabetPasta the Kobold Wizard began the quest for the Orb.
     0 | D:1      | Reached XP level 1. HP: 10/10 MP: 4/4
   601 | D:1      | Gained mutation: You are surrounded by a mild repulsion field. (EV +2) [potion of beneficial mutation]
   949 | D:1      | Reached XP level 2. HP: 12/15 MP: 0/6
   998 | D:1      | Learned a level 2 spell: Blink
  1001 | D:1      | Learned a level 2 spell: Repel Missiles
  1004 | D:1      | Learned a level 2 spell: Slow
  1161 | D:1      | Reached skill level 2 in Conjurations
  1323 | D:1      | Reached XP level 3. HP: 19/19 MP: 1/8
  2344 | D:2      | Reached XP level 4. HP: 24/24 MP: 1/9
  2349 | D:2      | Learned a level 3 spell: Conjure Flame
  2415 | D:2      | Found a faded altar of an unknown god.
  2423 | D:2      | Found a shadowy altar of Dithmenos.
  2578 | D:2      | Reached skill level 3 in Conjurations
  2892 | D:3      | Reached XP level 5. HP: 28/28 MP: 8/11
  3181 | D:3      | Found a shimmering altar of Xom.
  3561 | D:3      | Found a white marble altar of Elyvilon.
  3561 | D:3      | Found a glowing golden altar of the Shining One.
  3561 | D:3      | Found a glowing silver altar of Zin.
  3817 | D:3      | Noticed Grinder
  3973 | D:3      | Paralysed by Grinder for 7 turns
  3980 | D:3      | Gained mutation: You are weak. (Str -2) [potion of mutation]
  3980 | D:3      | Gained mutation: Your magical capacity is low. (-10% MP) [potion of mutation]
  3980 | D:3      | Gained mutation: You are partially covered in iridescent scales. (AC +2) [potion of mutation]
  3996 | D:3      | Paralysed by Grinder for 4 turns
  4002 | D:3      | Killed Grinder
  4002 | D:3      | Reached skill level 5 in Spellcasting
  4002 | D:3      | Reached skill level 5 in Conjurations
  4002 | D:3      | Reached XP level 6. HP: 29/32 MP: 8/12
  4167 | D:3      | Learned a level 3 spell: Mephitic Cloud
  4173 | D:3      | Reached XP level 7. HP: 26/36 MP: 4/13
  4320 | D:3      | Found a snail-covered altar of Cheibriados.
  4320 | D:3      | Found a deep blue altar of Sif Muna.
  4320 | D:3      | Found an iron altar of Okawaru.
  4371 | D:3      | Became a worshipper of Sif Muna the Loreminder
  4588 | D:4      | Reached skill level 1 in Short Blades
  4657 | D:4      | Found Feeppys's Armour Boutique.
  4732 | D:4      | Found an opulent altar of Gozag.
  4752 | D:4      | Found Apryathrar's Magic Scroll Shoppe.
  4799 | D:4      | Reached skill level 1 in Invocations
  5164 | D:4      | Reached skill level 6 in Conjurations
  5228 | D:4      | Noticed BearKnight92's ghost (amateur DrFE)
  5245 | D:4      | Found Fietoufam's Weapon Boutique.
  5388 | D:4      | Found a basalt altar of Yredelemnul.
  5408 | D:4      | Found Xisifire's Magic Scroll Shop.
  5415 | D:4      | Bought a scroll of identify for 20 gold pieces
  5415 | D:4      | Bought a scroll of identify for 20 gold pieces
  5415 | D:4      | Bought a scroll of identify for 20 gold pieces
  5415 | D:4      | Bought a scroll of holy word for 75 gold pieces
  5470 | D:4      | Learned a level 2 spell: Throw Frost
  5760 | D:4      | Reached XP level 8. HP: 42/42 MP: 0/14
  5976 | D:5      | Entered Level 5 of the Dungeon
  6059 | D:5      | Reached skill level 1 in Ice Magic
  6263 | D:5      | Reached skill level 1 in Fighting
  6408 | D:5      | Found a burning altar of Makhleb.
  6430 | D:5      | Noticed AlphabetPasta's ghost (novice CeAr)
  6444 | D:5      | Killed AlphabetPasta's ghost
  6444 | D:5      | Reached * piety under Sif Muna
  6444 | D:5      | Reached skill level 7 in Conjurations
  6444 | D:5      | Reached skill level 1 in Evocations
  7044 | D:5      | Reached XP level 9. HP: 47/47 MP: 14/16
  7374 | D:4      | Killed BearKnight92's ghost
  7386 | D:4      | Bought a scroll of identify for 26 gold pieces
  7386 | D:4      | Bought a scroll of identify for 26 gold pieces
  7570 | D:6      | Learned a level 4 spell: Throw Icicle
  7662 | D:6      | Found Cethrauz's Magic Scroll Boutique.
  8047 | D:6      | Noticed Edmund
  8067 | D:6      | Killed Edmund
  8136 | D:6      | Found a staircase to the Ecumenical Temple.
  8445 | D:6      | Noticed Blork the orc
  8455 | D:6      | Killed Blork the orc
  8455 | D:6      | Reached ** piety under Sif Muna
  8473 | D:6      | Noticed Duvessa
  8514 | D:6      | Noticed Dowan
  8540 | D:6      | Killed Dowan
  8571 | D:6      | Killed Duvessa
  8571 | D:6      | Reached skill level 8 in Conjurations
  8768 | D:6      | Reached skill level 5 in Ice Magic
  9653 | D:7      | Found a blossoming altar of Fedhas.
  9732 | D:7      | Reached XP level 10. HP: 54/54 MP: 9/18
  9823 | D:7      | Got a crude rapier {freeze}
  9828 | D:6      | Identified the +6 rapier of the Gloaming {freeze, Dex+6} (You took it off an orc on level 7 of the Dungeon)
 10659 | D:7      | Noticed Joseph
 10669 | D:7      | Shot with a sling bullet by Joseph

Vault maps used:
D:1:      dpeg_arrival_more_subterranean_lakeside_camping
D:2:      nicolae_dithmenos_shadow_blocks, chequers_ecumenical_altar_island,
          lemuel_old_faithful
D:3:      good_gods_mini_temple, xom_teletrap_fun,
          gammafunk_temple_overflow_forgotten, minmay_misc_feat_roman,
          grunt_ministairs_3, minmay_misc_feat_cross, uniq_grinder
D:4:      old_standard_altar, lemuel_crystal_altar, serial_shops,
          kennysheep_mini_moat, shop, kennysheep_little_box, shop,
          hangedman_decor_opposing
D:5:      lemuel_coloured_pillars_altar, first_bread
D:6:      serial_shops, shop_fountains, uniq_duvessa, uniq_edmund,
          uniq_blork_the_orc
D:7:      basic_altar, corexii_leaking_fountain, uniq_joseph

Skill      XL: |  1  2  3  4  5  6  7  8  9 10 |
---------------+-------------------------------+-----
Conjurations   | 2 3 5 6 7 8 |  8.6
Spellcasting   | 4 5 6 7 |  7.1
Short Blades   | 2 3 |  3.0
Invocations    | 1 3 4 |  4.6
Ice Magic      | 3 5 |  5.8
Fighting       | 1 2 |  2.6
Evocations     | 1 2 |  2.3
Staves         | |  0.6
Dodging        | |  2.4
Stealth        | |  2.6
Summonings     | |  1.0
Translocations | |  1.0

Action                   |  1- 3 |  4- 6 |  7- 9 | 10-12 || total
-------------------------+-------+-------+-------+-------++-------
Melee: Unarmed           |    26 |    12 |       |       ||    38
       Dagger            |       |       |   132 |    22 ||   154
       Rapier            |       |       |       |     5 ||     5
 Cast: Magic Dart        |    97 |   133 |   334 |    58 ||   622
       Repel Missiles    |     1 |       |     1 |       ||     2
       Conjure Flame     |       |     1 |     8 |     1 ||    10
       Throw Frost       |       |       |    20 |     5 ||    25
       Mephitic Cloud    |       |       |    12 |     1 ||    13
       Throw Icicle      |       |       |     3 |     7 ||    10
       Blink             |       |       |     1 |     1 ||     2
Evoke: Wand              |       |       |     1 |       ||     1
  Use: Scroll            |     4 |       |    14 |     2 ||    20
       Potion            |     1 |     6 |     2 |     2 ||    11
 Stab: Confused          |       |       |     2 |       ||     2
       Sleeping          |       |       |     2 |       ||     2
  Eat: Chunk             |    13 |     5 |    18 |     3 ||    39
Armor: Robe              |     2 |     5 |    26 |     5 ||    38
       Skin              |       |     4 |       |       ||     4
Dodge: Dodged            |    29 |    23 |    96 |    21 ||   169
       Deflected         |       |     1 |     1 |       ||     2
